 Dungeon Crawl Stone Soup version 0.29.1-15-g9cfb28693d (webtiles) character file.

Game seed: 2390813662474573696

58 dudediamond6 the Sneak (level 4, -4/30 HPs)
             Began as an Octopode Brigand on Feb 23, 2023.
             Slain by a gnoll
             ... wielding a +0 club
              (6 damage)
             ... on level 1 of the Dungeon.
             The game lasted 00:03:20 (2214 turns).

dudediamond6 the Sneak (Octopode Brigand)           Turns: 2214, Time: 00:03:21

Health: -4/30      AC:  1    Str:  8 (10) XL:     4   Next: 2%
Magic:  4/4        EV: 12    Int: 11 (13) God:
Gold:   150        SH:  0    Dex: 13 (15) Spells: 3/3 levels left

rFire   . . .      SeeInvis .   a - +2 dagger
rCold   . . .      Faith    .   (no shield)
rNeg    . . .      Spirit   .   (helmet restricted)
rPois   .          Reflect  .   (no amulet)
rElec   .          Harm     .   (no ring)
rCorr   .          Rampage  .   (no ring)
Will    .....                   (no ring)
Stlth   ++++......              (no ring)
HPRegen 0.10/turn               (no ring)
MPRegen 0.09/turn               (no ring)
                                (no ring)
                                (no ring)

@: no status effects
A: almost no armour, amphibious, 8 rings, camouflage 1, gelatinous body 1,
(nimble swimmer 1), tentacles
a: no special abilities


You were on level 1 of the Dungeon.
You visited 1 branch of the dungeon, and saw 3 of its levels.

You collected 150 gold pieces.

Inventory:

Hand Weapons
 a - a +2 dagger (weapon)
Missiles
 b - 13 poisoned darts (quivered)
 c - 7 curare-tipped darts
Scrolls
 e - a scroll of vulnerability {unknown}
 f - a scroll of blinking {unknown}


   Skills:
 * Level 2.3 Fighting
 * Level 2.8 Short Blades
 - Level 2.0 Throwing
 - Level 1.0 Dodging
 + Level 6.6 Stealth


You had 3 spell levels left.
You didn't know any spells.
Your spell library was empty.

Dungeon Overview and Level Annotations

Branches:
Dungeon (3/15)

Altars:
Hepliaklqana


Innate Abilities, Weirdness & Mutations

You cannot wear most types of armour.
You are amphibious.
You can wear up to eight rings at the same time.
Your skin changes colour to match your surroundings (Stealth+).
Your rubbery body absorbs attacks. (AC +1, EV +1)
((You are camouflaged when in or above water. (Stealth+)))
You have tentacles for arms and can constrict up to eight enemies at once.


Message History

You hit the adder. You grab the adder. You tentacle-slap the adder.
The adder is heavily wounded.
You constrict the adder. The adder bites you.
You are poisoned.
The adder poisons you! The adder barely misses you.
You hit the adder but do no damage.
The adder is heavily wounded.
You constrict the adder.
You feel sick. The adder closely misses you.
You are too injured to fight recklessly!
You are too injured to fight recklessly!
You are too injured to fight recklessly!
You are too injured to fight recklessly!
You hit the adder.
The adder is severely wounded.
You constrict the adder, but do no damage.
You feel sick. The adder closely misses you.
You barely miss the adder. You squeeze the adder.
The adder is almost dead.
You constrict the adder.
You feel sick. The adder bites you.
You hit the adder.
You kill the adder!
You feel sick.
You have reached level 4!
You start resting.
You feel sick. x3
You are no longer poisoned.
You start resting.
HP restored.
You climb downwards.
The gnoll hits you with a +0 club. The gnoll hits you with a +0 flail! x2
* * * LOW HITPOINT WARNING * * *
The gnoll closely misses you.
There is a stone staircase leading up, spattered with blood here.
The gnoll hits you with a +0 club.
* * * LOW HITPOINT WARNING * * *
The gnoll barely misses you. x2
You climb upwards.
There is a stone staircase leading down, spattered with blood here.
You barely miss the gnoll. Your grab misses the gnoll.
The gnoll closely misses you. The gnoll hits you with a +0 club.
You die...

### ### #.#
#8###8#### #.#
..[...)'.###.#####
#8###8##.........#
### ######.#.###.#
# ##...#.#.# #.#
#####........###.#
#....>...#....##g#
#######.#####.##@#
# #.#####.##g# #
#..........# #
#######.#### # #.#
#.### #...# ###.#
#.#


You could see 2 gnolls.

Vanquished Creatures
  A gnoll (D:1)
  2 adders
  4 bats
  4 endoplasms
  2 giant cockroaches
  3 goblins
  A hobgoblin (D:1)
  3 quokkas (D:1)
  A ball python (D:2)
  A frilled lizard (D:1)
  5 kobolds
  2 rats (D:1)
29 creatures vanquished.

Vanquished Creatures (others)
  4 toadstools (D:1)
4 creatures vanquished.

Grand Total: 33 creatures vanquished

Notes
Turn   | Place    | Note
-------+----------+-------------------------------------------
     0 | D:1      | dudediamond6 the Octopode Brigand began the quest for the
                  | Orb.
     0 | D:1      | Reached XP level 1. HP: 14/14 MP: 1/1
   220 | D:1      | Found a faded altar of an unknown god.
   248 | D:1      | Reached XP level 2. HP: 19/19 MP: 2/2
   419 | D:1      | Reached skill level 6 in Stealth
  1081 | D:2      | Reached XP level 3. HP: 24/24 MP: 3/3
  1369 | D:2      | Found a hazy altar of Hepliaklqana.
  1968 | D:1      | Reached XP level 4. HP: 8/30 MP: 4/4
  2214 | D:1      | Slain by a gnoll

Illustrated notes

Levels and vault maps discovered:
D:1:      nagdon_arrival_zigzag_paths, layout_loops_ring,
          hellmonk_ecumenical_altar_slurped_away, serial_bayou_ford_a,
          grunt_decor_mini_mirrors, dk_noncrumbling_2, minmay_gold_behind_fungi
D:2:      layout_basic, basic_altar
D:3:      layout_basic, cheibriados_altar_1, gammafunk_ghost_smash,
          uniq_jessica, uniq_robin

Skill      XL: |  1  2 |
---------------+-------+-----
Stealth        | 6 |  6.6
Fighting       | |  2.3
Short Blades   | |  2.8
Throwing       | |  2.0
Dodging        | |  1.0

Action                   |  1- 3 |  4- 6 || total
-------------------------+-------+-------++-------
Melee: Dagger            |    47 |     1 ||    48
       Tentacles         |     7 |       ||     7
       Constrict         |    11 |       ||    11
       Punch             |     1 |       ||     1
  Use: Scroll            |     5 |       ||     5
       Potion            |     4 |       ||     4
 Stab: Sleeping          |    12 |       ||    12
Armor: Skin              |     2 |       ||     2
Dodge: Dodged            |    33 |     4 ||    37
